 Dungeon Crawl Stone Soup version 0.28.0-49-g6dfe1f597d (webtiles) character file.

Game seed: 4332895344386516812

88 Gabide the Poker (level 4, 0/35 HPs)
             Began as a Human Monk on May 13, 2022.
             Constricted to death by a ball python (1 damage)
             ... on level 3 of the Dungeon.
             The game lasted 00:03:47 (2987 turns).

Gabide the Poker (Human Monk)                       Turns: 2987, Time: 00:03:48

Health: 0/35       AC:  3    Str: 20    XL:     4   Next: 81%
Magic:  4/4        EV: 10    Int: 10    God:
Gold:   113        SH:  0    Dex: 15    Spells: 3/3 levels left

rFire   . . .      SeeInvis .   a - +0 spear
rCold   . . .      Faith    .   (no shield)
rNeg    . . .      Spirit   .   b - +0 robe
rPois   +          Reflect  .   d - +0 helmet
rElec   .          Harm     .   (no cloak)
rCorr   .          Rampage  .   (no gloves)
Will    .....                   (no boots)
Stlth   ++........              (no amulet)
HPRegen 0.11/turn               m - +6 ring of strength
MPRegen 0.09/turn               f - ring of poison resistance

@: weak-willed, constricted
A: no striking features
a: no special abilities


You were on level 3 of the Dungeon.
You visited 1 branch of the dungeon, and saw 4 of its levels.

You collected 113 gold pieces.

Inventory:

Hand Weapons
 a - a +0 spear (weapon)
Armour
 b - a +0 robe (worn)
 d - a +0 helmet (worn)
Jewellery
 f - a ring of poison resistance (right hand)
 m - a +6 ring of strength (left hand)
Scrolls
 l - a scroll of enchant armour {unknown}
Potions
 g - 2 potions of mutation
 i - a potion of heal wounds {unknown}


   Skills:
 - Level 3.0 Fighting
 + Level 5.2 Polearms
 - Level 3.0 Dodging
 - Level 2.0 Stealth


You had 3 spell levels left.
You didn't know any spells.
Your spell library was empty.

Dungeon Overview and Level Annotations

Branches:
Dungeon (4/15)
 Temple: D:4-7

Altars:
Ru
Xom

Shops:
D:1 =

Annotations:
D:3 Dowan, Duvessa


Message History

There is a stone staircase leading down here.
You start waiting.
Done waiting.
As you read the scroll labelled KALUSU QUITRI, it crumbles to dust.
You feel momentarily disoriented.
It was a scroll of magic mapping.
As you read the scroll labelled BUCLIT YSEKK, it crumbles to dust.
You hear a loud clanging noise!
It was a scroll of noise.
You climb downwards.
Level annotation: Dowan, Duvessa Duvessa hits you with a +0 short sword!
Duvessa hits you with a +0 short sword.
There is a stone staircase leading up here.
The ball python misses you. x2; Duvessa hits you with a +0 short sword.
Dowan hits you with a +0 dagger.
You climb upwards.
There is a stone staircase leading down here.
The ball python bites you. The ball python closely misses you.
Dowan hits you with a +0 dagger.
The ball python bites you but does no damage.
The ball python grabs you. The ball python constricts you.
You escape the ball python's grasp.
Dowan mumbles some strange words.
Dowan blinks!
Dowan casts a spell at you. The puff of flame hits you!
* * * LOW HITPOINT WARNING * * *
The ball python misses you. The ball python barely misses you.
You barely miss Dowan. The ball python closely misses you. x2
Dowan hits you with a +0 dagger.
* * * LOW HITPOINT WARNING * * *
As you read the scroll labelled FYCLIXZED, it crumbles to dust.
Magic quickly surges around you.
It was a scroll of vulnerability.
The ball python misses you. The ball python closely misses you.
Dowan mumbles some strange words.
Dowan blinks!
You hit Dowan.
Dowan is moderately wounded.
The ball python bites you but does no damage.
The ball python grabs you. The ball python constricts you.
You die...

#........##.##.....#
#........##..#....)#
.#.#.#.#.###.###.###
..........##.###.#
.#.#.#.#.###..##.#
...........##.##.###
.#.#.#.#.#.........#
.....)#######..#e#.#
......)....<##.#@#.#
######.#######.#S#.#
.......# #.#e#.#
#.###### #...#.#
....# ##..#.# #####
#.>..# ##.### #.#
###


You could see Duvessa (weak-willed), Dowan (weak-willed) and a ball python
(weak-willed).

Vanquished Creatures
  3 adders
  A worm (D:2)
  A dart slug (D:1)
  7 orcs (D:3)
  3 ball pythons
  4 endoplasms
  5 goblins
  5 hobgoblins
  A quokka (D:1)
  5 bats
  3 frilled lizards
  7 kobolds
  2 rats
47 creatures vanquished.

Notes
Turn   | Place    | Note
-------+----------+-------------------------------------------
     0 | D:1      | Gabide the Human Monk began the quest for the Orb.
     0 | D:1      | Reached XP level 1. HP: 18/18 MP: 1/1
   353 | D:1      | Found a faded altar of an unknown god.
   376 | D:1      | Reached XP level 2. HP: 16/24 MP: 2/2
   574 | D:1      | Found Comokhlau's Jewellery Boutique.
  1266 | D:2      | Reached skill level 4 in Polearms
  1266 | D:2      | Reached XP level 3. HP: 28/29 MP: 3/3
  2035 | D:3      | Reached XP level 4. HP: 24/35 MP: 4/4
  2304 | D:3      | Found a sacrificial altar of Ru.
  2350 | D:3      | Found a shimmering altar of Xom.
  2535 | D:3      | Reached skill level 5 in Polearms
  2860 | D:4      | Noticed Dowan
  2860 | D:4      | Noticed an ogre
  2867 | D:4      | Noticed Duvessa
  2984 | D:3      | HP: 1/35 [Dowan/+0 dagger (3)]
  2987 | D:3      | Constricted to death by a ball python

Illustrated notes

Levels and vault maps discovered:
D:1:      amcnicky_arrival_single_pillar, layout_basic,
          shapermc_ecumenical_altar_flowoftime, serial_shops,
          nicolae_square_shop
D:2:      layout_basic
D:3:      layout_basic, xom_teletrap_fun, hangedman_ru_absence, st_stairs_13
D:4:      kennysheep_kobold_camp, layout_loops_ring,
          nicolae_dithmenos_the_darkroom, uniq_duvessa, uniq_menkaure

Skill      XL: |  1  2  3  4 |
---------------+-------------+-----
Polearms       | 4 5 |  5.2
Fighting       | |  3.0
Dodging        | |  3.0
Stealth        | |  2.0

Action                   |  1- 3 |  4- 6 || total
-------------------------+-------+-------++-------
Melee: Spear             |   114 |    57 ||   171
       Punch             |     3 |       ||     3
  Use: Scroll            |     1 |     5 ||     6
 Stab: Sleeping          |     7 |     1 ||     8
       Distracted        |       |     1 ||     1
Armor: Robe              |    11 |     7 ||    18
Dodge: Dodged            |    37 |    39 ||    76
